 Dungeon Crawl Stone Soup version 0.29-a0-284-gf9362112df (webtiles) character file.

Game seed: 1542064373560555567

62 sammy202020 the Skirmisher (level 3, 0/30 HPs)
             Began as a Demonspawn Berserker on Mar 28, 2022.
             Was a Believer of Trog.
             Slain by a goblin
             ... wielding a +0 dagger
             ... led by Robin
              (4 damage)
             ... on level 3 of the Dungeon.
             The game lasted 00:03:39 (2051 turns).

sammy202020 the Skirmisher (Demonspawn Berserker)   Turns: 2051, Time: 00:03:40

Health: 0/30       AC:  2    Str: 17    XL:     3   Next: 85%
Magic:  3/3        EV: 12    Int: 10    God:    Trog [**....]
Gold:   61         SH:  0    Dex: 12    Spells: 2/2 levels left

rFire   . . .      SeeInvis .   a - +0 hand axe
rCold   . . .      Faith    .   (no shield)
rNeg    . . .      Spirit   .   b - +0 animal skin
rPois   .          Reflect  .   (no helmet)
rElec   .          Harm     .   (no cloak)
rCorr   .          Rampage  .   (no gloves)
Will    .....                   (no boots)
Stlth   +.........              (no amulet)
HPRegen 0.10/turn               (no ring)
MPRegen 0.08/turn               (no ring)

@: no status effects
A: demonic guardian 1
a: Renounce Religion, Berserk, Trog's Hand


You were on level 3 of the Dungeon.
You worshipped Trog.
Trog was pleased with you.
You visited 1 branch of the dungeon, and saw 3 of its levels.

You collected 61 gold pieces.

Inventory:

Hand Weapons
 a - a +0 hand axe (weapon)
Armour
 b - a +0 animal skin (worn)
Jewellery
 s - a ring of ice
Scrolls
 c - a scroll of fog {unknown}
 d - a scroll of enchant armour {unknown}
 f - 3 scrolls of immolation {unknown}
 h - a scroll of acquirement {unknown}
 i - a scroll of identify {unknown}
 j - a scroll of blinking {unknown}
 k - a scroll of holy word {unknown}
 l - 3 scrolls of brand weapon {unknown}
 q - a scroll of enchant weapon {unknown}
Potions
 e - a potion of haste {unknown}
 g - a potion of lignification {unknown}
 m - a potion of resistance {unknown}
 n - a potion of curing {unknown}
 o - a potion of mutation {unknown}
 p - a potion of invisibility {unknown}
 r - a potion of magic {unknown}


   Skills:
 * Level 3.8 Fighting
 * Level 3.4 Axes
 + Level 2.3 Armour
 - Level 1.7 Dodging


You had 2 spell levels left.
You didn't know any spells.
Your spell library was empty.

Dungeon Overview and Level Annotations

Branches:
Dungeon (3/15)

Altars:

Annotations:
D:3 Robin


Innate Abilities, Weirdness & Mutations

A weak demonic guardian rushes to your aid.


Message History

You hit the goblin.
You kill the goblin!
Trog accepts your kill.
You hit the goblin. The hobgoblin closely misses you.
The goblin hits you but does no damage.
You slash the goblin!
You kill the goblin!
Trog accepts your kill.
You hit the hobgoblin but do no damage. x2
A kobold comes into view.
It is wielding a +0 short sword and quivering poisoned darts.
The hobgoblin barely misses you. The hobgoblin hits you.
A hobgoblin comes into view.
You hit the hobgoblin.
The hobgoblin is severely wounded.
You hit the hobgoblin. The hobgoblin hits you. Robin throws the goblin at you!
The hobgoblin misses you.
The goblin unwields a +0 hunting sling.
The goblin wields a +0 dagger.
The goblin completely misses you. The hobgoblin closely misses you.
The hobgoblin hits you.
A demonic guardian appears!
A hobgoblin comes into view. It is quivering poisoned darts.
You hit the goblin but do no damage. You hit the hobgoblin.
You kill the hobgoblin!
Trog accepts your kill.
You closely miss the hobgoblin.
The goblin no longer looks unusually strong.
The goblin hits you with a +0 dagger.
Your ufetubus barely misses the goblin. x2
A goblin comes into view. It is wielding a +0 club.
The hobgoblin hits you.
* * * LOW HITPOINT WARNING * * *
A hobgoblin comes into view.
You slash the goblin!
You kill the goblin!
Trog accepts your kill.
You closely miss the hobgoblin. You barely miss the goblin.
The hobgoblin hits you.
* * * LOW HITPOINT WARNING * * *
The goblin closely misses you.
You swap places.
The goblin attacks as you move away! The goblin hits you with a +0 dagger.
You die... #.# .# #.# .# #.# .# #.# .. #.# g# ##.# ####.# g#gKg

#....#####gg###.#
#.......)@gr.....
####....######.=##.#
.......<# .#
######### .# #


You could see Robin, 5 hobgoblins, a goblin (strong), a kobold, a rat and a
friendly ufetubus (summoned).

Vanquished Creatures
  2 adders (D:2)
  4 endoplasms
  2 giant cockroaches (D:1)
  7 goblins
  7 hobgoblins
  4 kobolds
  A quokka (D:2)
  3 ball pythons
  3 bats
  A frilled lizard (D:2)
  4 rats
38 creatures vanquished.

Vanquished Creatures (collateral kills)
  A giant cockroach (D:2)
  A hobgoblin (D:2)
2 creatures vanquished.

Vanquished Creatures (others)
  A fungus (D:1)
1 creature vanquished.

Grand Total: 41 creatures vanquished

Notes
Turn   | Place    | Note
-------+----------+-------------------------------------------
     0 | D:1      | sammy202020 the Demonspawn Berserker began the quest for
                  | the Orb.
     0 | D:1      | Reached XP level 1. HP: 18/18 MP: 1/1
   201 | D:1      | Gained mutation: A weak demonic guardian rushes to your
                  | aid. [demonic ancestry]
   201 | D:1      | Reached XP level 2. HP: 10/24 MP: 2/2
   783 | D:1      | Found a faded altar of an unknown god.
  1010 | D:2      | Reached XP level 3. HP: 23/29 MP: 3/3
  1816 | D:2      | Reached ** piety under Trog
  2039 | D:3      | Noticed Robin
  2051 | D:3      | Slain by a goblin

Illustrated notes

Levels and vault maps discovered:
D:1:      dpeg_arrival_simpleton_a, layout_basic,
          shapermc_ecumenical_altar_acropolis, chequers_serial_rivers_micro_c
D:2:      layout_rooms
D:3:      layout_basic, chequers_temple_overflow_statue_of_worship,
          general_overflow_altar, uniq_robin

Skill      XL: |  1  2 |
---------------+-------+-----
Axes           | 3 |  3.4
Armour         | 2 |  2.3
Fighting       | |  3.8
Dodging        | |  1.7

Action                   || total
-------------------------++-------
Melee: Hand axe          ||   129
       Punch             ||     2
Invok: Berserk           ||     1
 Stab: Distracted        ||     1
Armor: Animal skin       ||    29
Dodge: Dodged            ||   109

Table legend: (Time is in decaauts)
 A = Elapsed time spent in this place.
 B = Non-inter-level travel time spent in this place.
 C = Inter-level travel time spent in this place.
 D = Time resting spent in this place.
 E = Time spent auto-exploring this place.
 F = Levels seen in this place.
 G = Mean time per level.
                   A        B        C        D        E       F      G
               +--------+--------+--------+--------+--------+-----+--------+
         Total |   2075 |   2056 |     19 |     27 |   1683 |   3 |  691.7 |
       Dungeon |   2075 |   2056 |     19 |     27 |   1683 |   3 |  691.7 |
               +--------+--------+--------+--------+--------+-----+--------+

Top non-repeatable levels by time:
     D:2: 1055 daAuts
     D:1: 1000 daAuts
     D:3: 19 daAuts
